 Dungeon Crawl Stone Soup version 0.29-a0-819-g94b489e0ae (webtiles) character file.

Game seed: 9772807152710949624

1252 Colgate the Sneak (level 8, -3/44 HPs)
             Began as a Kobold Brigand on July 6, 2022.
             Was a Priest of Vehumet.
             Slain by Grinder (6 damage)
             ... on level 6 of the Dungeon.
             The game lasted 00:21:20 (6538 turns).

Colgate the Sneak (Kobold Brigand)                  Turns: 6538, Time: 00:21:20

Health: -3/44      AC:  7    Str:  9    XL:     8   Next: 80%
Magic:  3/14       EV: 14    Int: 14    God:    Vehumet [***...]
Gold:   379        SH:  0    Dex: 22    Spells: 5/15 levels left

rFire   . . .      SeeInvis .   b - +0 dagger (venom)
rCold   . . .      Faith    .   (no shield)
rNeg    . . .      Spirit   .   r - +2 robe {Will+}
rPois   .          Reflect  .   (no helmet)
rElec   .          Harm     .   c - +2 cloak
rCorr   .          Rampage  .   (no gloves)
Will    +....                   (no boots)
Stlth   +++++.....              (no amulet)
HPRegen 0.14/turn               x - +6 ring of dexterity
MPRegen 0.14/turn               (no ring)

@: no status effects
A: small, no large weapons, nightstalker 3
a: Renounce Religion


You were on level 6 of the Dungeon.
You worshipped Vehumet.
Vehumet was most pleased with you.
You visited 2 branches of the dungeon, and saw 7 of its levels.

You collected 379 gold pieces.

Inventory:

Hand Weapons
 a - a +2 dagger
 b - a +0 dagger of venom (weapon)
Missiles
 d - 15 poisoned darts
 e - a curare-tipped dart
 t - 4 atropa-tipped darts
Armour
 c - a +2 cloak (worn)
 r - a +2 robe of willpower (worn)
Jewellery
 x - a +6 ring of dexterity (left hand)
Wands
 y - a wand of acid (2) {@v1}
 z - a wand of roots (15)
Scrolls
 g - 3 scrolls of teleportation {@r3}
 j - a scroll of amnesia {unknown}
 k - a scroll of magic mapping {@r5}
 m - a scroll of immolation
 u - a scroll of vulnerability {unknown}
 w - a scroll of fear {unknown}
 A - a scroll of enchant weapon {unknown}
Potions
 f - 3 potions of haste {@q4}
 h - a potion of berserk rage {unknown}
 i - 3 potions of attraction
 l - 2 potions of lignification
 n - a potion of magic {unknown}
 o - 2 potions of degeneration {unknown}
 p - 2 potions of might {unknown}
 q - 3 potions of curing {@q1}
 s - a potion of heal wounds {unknown}
 v - a potion of cancellation {unknown}


   Skills:
 - Level 2.1 Fighting
 - Level 2.9 Short Blades
 - Level 2.1 Throwing
 - Level 1.2 Dodging
 - Level 6.0 Stealth
 - Level 4.0 Spellcasting
 + Level 6.0 Conjurations
 - Level 2.8 Translocations
 - Level 5.1 Ice Magic


You had 5 spell levels left.
You knew the following spells:

 Your Spells              Type           Power      Damage    Failure   Level
a - Magic Dart            Conj           76%        1d6       1%          1
b - Searing Ray           Conj           38%        2d5       1%          2
c - Ozocubu's Armour      Ice            17%        N/A       7%          3
d - Iskenderun's Mystic   Conj/Tloc      15%        2d5       9%          4

Your spell library contained the following spells:

 Spells                   Type           Power      Damage    Failure   Level
 Poisonous Vapours        Pois/Air       4%         N/A       8%          2
 Ensorcelled Hibernation  Hex/Ice        20%        N/A       10%         2
 Inner Flame              Hex/Fire       2%         N/A       16%         3
 Passwall                 Tmut/Erth      1%         N/A       28%         2
 Spider Form              Tmut/Pois      2%         N/A       50%         3
 Swiftness                Air            3%         N/A       50%         3
 Anguish                  Hex/Necr       1%         N/A       88%         4
 Cause Fear               Hex            1%         N/A       88%         4
 Corpse Rot               Necr/Pois/Air  2%         N/A       88%         4
 Metabolic Englaciation   Hex/Ice        5%         N/A       88%         5
 Simulacrum               Ice/Necr       5%         N/A       100%        6
 Discord                  Hex            1%         N/A       100%        8


Dungeon Overview and Level Annotations

Branches:
Dungeon (6/15)             Temple (1/1) D:5

Altars:
Ashenzari
Fedhas
Gozag
Makhleb
Nemelex Xobeh
Okawaru
Qazlal
Sif Muna
Vehumet
Wu Jian
Xom

Annotations:
D:6 Grinder


Innate Abilities, Weirdness & Mutations

You are small and have problems with some larger weapons.
You are completely attuned to the shadows.


Message History

Throw: 16 darts (poison)
You throw a poisoned dart.
Throw: 3 darts (curare)
You throw a curare-tipped dart.
Throw: 6 darts (atropa)
You throw an atropa-tipped dart.
Throw: 5 darts (atropa)
You throw an atropa-tipped dart.
Throw: 2 darts (curare)
You throw a curare-tipped dart. Something hits you but does no damage.
You hit something.
Something tries to affect you, but you resist.
Unknown command.
You closely miss something.
Your icy armour will break if you move.
Continue? [Y]es or [N]o only, please.
Your icy armour will break if you move.
Continue? [Y]es or [N]o only, please.
Your icy armour will break if you move.
Continue? [Y]es or [N]o only, please.
Your icy armour will break if you move.
Continue? [Y]es or [N]o only, please.
Your icy armour will break if you move.
Continue?
Okay, then.
You closely miss something.
You swing at nothing.
You swing at nothing.
You start resting.
Pain shoots through your body!
You start resting.
Your icy armour starts to melt.
Pain shoots through your body!
* * * LOW HITPOINT WARNING * * *
You start resting.
Your icy armour evaporates.
Something hits you.
* * * LOW HITPOINT WARNING * * *
You start resting.
Something hits you.
You die...

#.# ##.# ##. #.##...
#....# .##.
####..#####....#
....<..<...(.... #
####....###.....
####...........#.####
##...##.##.........$.
...####.###.(.(.@....
..#####.#
#.....ยง....
#...#...# #.#####.$##
###...### #.# ..#
#...# #.# ... #.#.#
##.#.# ##..#.#
#..##..


There were no monsters in sight!

Vanquished Creatures
  Sigmund (D:2)
  Eustachio (D:5)
  Edmund (D:5)
  An ogre (D:5)
  A centaur (D:6)
  2 phantoms
  A scorpion (D:4)
  3 hounds
  Terence (D:2)
  Ijyb (D:5)
  Natasha (twice) (D:3)
  2 iguanas
  2 orc wizards (D:5)
  6 adders
  A white imp (D:5)
  An ufetubus (D:5)
  7 worms
  2 dart slugs
  5 orcs
  13 ball pythons
  14 endoplasms
  3 giant cockroaches
  7 goblins
  7 hobgoblins
  9 jackals
  9 kobolds
  9 quokkas
  2 bats (D:1)
  A frilled lizard (D:1)
  5 rats
120 creatures vanquished.

Notes
Turn   | Place    | Note
-------+----------+-------------------------------------------
     0 | D:1      | Colgate the Kobold Brigand began the quest for the Orb.
     0 | D:1      | Reached XP level 1. HP: 12/12 MP: 1/1
    42 | D:1      | Found a faded altar of an unknown god.
    65 | D:1      | Prayed at the altar of an unknown god.
    65 | D:1      | Became a worshipper of Vehumet
    65 | D:1      | Reached * piety under Vehumet
    65 | D:1      | Offered knowledge of Magic Dart by Vehumet.
   185 | D:1      | Reached skill level 1 in Conjurations
   261 | D:1      | Reached XP level 2. HP: 17/17 MP: 2/2
   263 | D:1      | Learned a level 1 spell: Magic Dart
   509 | D:1      | Reached XP level 3. HP: 21/21 MP: 3/3
  1272 | D:2      | Noticed Terence
  1276 | D:2      | Killed Terence
  1277 | D:2      | Reached XP level 4. HP: 26/26 MP: 4/4
  1404 | D:2      | Noticed Sigmund
  1409 | D:2      | Killed Sigmund
  1410 | D:2      | Reached XP level 5. HP: 30/30 MP: 4/11
  1410 | D:2      | Reached XP level 6. HP: 35/35 MP: 4/12
  1521 | D:2      | Reached ** piety under Vehumet
  1576 | D:2      | Offered knowledge of Searing Ray by Vehumet.
  1580 | D:2      | Learned a level 2 spell: Searing Ray
  2580 | D:3      | Noticed Natasha
  2602 | D:3      | Killed Natasha
  3146 | D:3      | Noticed Natasha
  3149 | D:3      | Killed Natasha
  3290 | D:3      | Offered knowledge of Mephitic Cloud by Vehumet.
  3331 | D:3      | Found a blossoming altar of Fedhas.
  3595 | D:4      | Found a stormy altar of Qazlal.
  3760 | D:4      | Reached skill level 5 in Conjurations
  3760 | D:4      | Reached XP level 7. HP: 40/40 MP: 13/13
  3935 | D:4      | Found a shimmering blue altar of Sif Muna.
  4137 | D:4      | Reached skill level 1 in Ice Magic
  4280 | D:4      | Learned a level 3 spell: Ozocubu's Armour
  4411 | D:4      | Reached *** piety under Vehumet
  4439 | D:4      | Found a sparkling altar of Nemelex Xobeh.
  4629 | D:5      | Entered Level 5 of the Dungeon
  4719 | D:5      | Noticed Eustachio
  4729 | D:5      | Killed Eustachio
  4963 | D:5      | Reached XP level 8. HP: 44/44 MP: 5/14
  4979 | D:5      | Offered knowledge of Iskenderun's Mystic Blast by Vehumet.
  4989 | D:5      | Learned a level 4 spell: Iskenderun's Mystic Blast
  5417 | D:5      | Reached skill level 5 in Ice Magic
  5465 | D:5      | Reached skill level 1 in Translocations
  5468 | D:5      | Noticed Ijyb
  5484 | D:5      | Killed Ijyb
  5773 | D:5      | Noticed Edmund
  5782 | D:5      | Killed Edmund
  6038 | D:5      | Found a staircase to the Ecumenical Temple.
  6044 | Temple   | Entered the Ecumenical Temple
  6494 | D:6      | Noticed Grinder
  6538 | D:6      | Slain by Grinder

Illustrated notes

Levels and vault maps discovered:
D:1:      dpeg_arrival_rooms_b, layout_loops_cross,
          hellmonk_ecumenical_altar_pennies_from_heaven, nrook_uturn
D:2:      minmay_door_path, layout_basic, uniq_sigmund, uniq_terence
D:3:      wander_river, layout_basic, fedhas_altar_fruit_tree,
          minmay_fractal_squares_diagonal_5, uniq_natasha
D:4:      layout_basic, mainiacjoe_overflow_alcove_2,
          mainiacjoe_overflow_catwalk_spiral, chequers_serial_rivers_small_3,
          nicolae_wormholes
D:5:      layout_cave_pods, temple_pool_b, kennysheep_flooded_box,
          uniq_eustachio, uniq_ijyb, uniq_edmund
D:6:      layout_rooms, grunt_dithmenos_shadows, minmay_misc_feat_enclosed,
          grunt_ministairs_9, kennysheep_potato, uniq_grinder
Temple:   nicolae_temple_two_arcs

Skill      XL: |  1  2  3  4  5  6  7  8 |
---------------+-------------------------+-----
Conjurations   | 1 2 3 5 6 |  6.0
Spellcasting   | 4 |  4.0
Ice Magic      | 4 5 |  5.1
Translocations | 2 |  2.8
Stealth        | 6 |  6.0
Fighting       | |  2.1
Short Blades   | |  2.9
Throwing       | |  2.1
Dodging        | |  1.2

Action                   |  1- 3 |  4- 6 |  7- 9 || total
-------------------------+-------+-------+-------++-------
Melee: Dagger            |    48 |    59 |    46 ||   153
Throw: Dart              |       |       |     9 ||     9
 Cast: Searing Ray       |       |    20 |    28 ||    48
       Ozocubu's Armour  |       |       |     3 ||     3
       Iskenderun's Myst |       |       |     3 ||     3
  Use: Scroll            |       |     3 |     6 ||     9
 Stab: Sleeping          |    17 |    20 |    21 ||    58
       Invisible         |       |       |     1 ||     1
Armor: Robe              |     3 |    13 |    11 ||    27
Dodge: Dodged            |    15 |    52 |    28 ||    95

Table legend: (Time is in decaauts)
 A = Elapsed time spent in this place.
 B = Non-inter-level travel time spent in this place.
 C = Inter-level travel time spent in this place.
 D = Time resting spent in this place.
 E = Time spent auto-exploring this place.
 F = Levels seen in this place.
 G = Mean time per level.
                   A        B        C        D        E       F      G
               +--------+--------+--------+--------+--------+-----+--------+
         Total |   6543 |   6258 |    285 |     68 |   5336 |   7 |  934.7 |
       Dungeon |   6390 |   6105 |    285 |     68 |   5198 |   6 | 1065.0 |
        Temple |    153 |    153 |      0 |      0 |    138 |   1 |  153.0 |
               +--------+--------+--------+--------+--------+-----+--------+

Top non-repeatable levels by time:
     D:5: 1388 daAuts
     D:4: 1347 daAuts
     D:2: 1317 daAuts
     D:1: 1233 daAuts
     D:3: 926 daAuts
     D:6: 177 daAuts
  Temple: 153 daAuts
